 Dungeon Crawl Stone Soup version 0.17.1-1-g73c8601 (webtiles) character file.

581 Nekumo the Nimble (level 7, -3/34 HPs)
             Began as a Felid Berserker on Jan 5, 2016.
             Was a High Priest of Trog.
             Slain by a killer bee (8 damage)
             ... on level 6 of the Dungeon.
             The game lasted 00:32:43 (7027 turns).

Nekumo the Nimble (Felid Berserker)                 Turns: 7027, Time: 00:32:43

Health: -3/34      AC:  2    Str: 13    XL:     7   Next: 13%
Magic:  0/8        EV: 22    Int:  8    God:    Trog [*****.]
Gold:   202        SH:  0    Dex: 18    Spells: 0 memorised, 6 levels left
                                        Lives:  0   Deaths: 2

rFire  x . .     SeeInvis +       - Unarmed
rCold  + . .     Clarity  .     (armour unavailable)
rNeg   . . .     SustAt   .     (shield unavailable)
rPois  .         Gourm    .     (helmet unavailable)
rElec  .         Spirit   +     (cloak unavailable)
rCorr  .         Warding  .     (gloves unavailable)
rMut   .         Stasis   .     (boots unavailable)
MR     +....                    j - amulet of guardian spirit
Stlth  ++++......               l - ring of ice
                                c - ring of see invisible

@: lethally poisoned (-3 -> -6), quick, somewhat resistant to hostile
enchantments, stealthy
A: no armour, no weapons or thrown items, claws 1, fangs 3, see invisible,
carnivore 3, speed 1, shaggy fur 2, slow metabolism 1, sharp paws
a: Berserk, Trog's Hand, Brothers in Arms, Burn Spellbooks, Renounce Religion


You were on level 6 of the Dungeon.
You worshipped Trog.
Trog was extremely pleased with you.
You were completely stuffed.

You visited 1 branch of the dungeon, and saw 7 of its levels.
You also visited: Sewer.

You collected 202 gold pieces.

Inventory:

Jewellery
 a - an uncursed amulet of rage
 c - a ring of see invisible (left paw)
 d - an uncursed ring of magical power
 j - an amulet of guardian spirit (around neck)
 l - a ring of ice (right paw)
Wands
 m - a wand of paralysis (15)
Scrolls
 f - 4 scrolls of remove curse
 g - a scroll of enchant weapon
 h - 2 scrolls of identify
 k - a scroll of recharging
 n - 3 scrolls of teleportation
Potions
 b - a potion of poison
 o - 2 potions of magic
Miscellaneous
 e - a plain deck of summoning
Comestibles
 i - a meat ration
 q - a slice of pizza


   Skills:
 + Level 5.6 Fighting
 + Level 10.4 Dodging
 + Level 5.5 Stealth
 + Level 6.1 Unarmed Combat


You had 6 spell levels left.
You didn't know any spells.

Dungeon Overview and Level Annotations

Branches:
Dungeon (7/15)             Temple (0/1) D:5

Altars:
Nemelex Xobeh
Xom

Shops:
D:5 [


Innate Abilities, Weirdness & Mutations

You cannot wear armour.
You are incapable of wielding weapons or throwing items.
You have sharp claws.
You have razor-sharp teeth.
You have supernaturally acute eyesight.
You are carnivorous and can eat meat at any time.
You cover ground quickly.
You are covered in thick fur (AC +2).
You have a slow metabolism.
Your sharp claws are effective at attacking unaware monsters.


Message History

The killer bee is moderately wounded.
The killer bee misses you. The killer bee stings you!
The killer bee barely misses you. The killer bee stings you.
You are poisoned.
The killer bee poisons you!
You feel sick. The killer bee closely misses you. The killer bee stings you!
* * * LOW HITPOINT WARNING * * *
You feel sick. The killer bee barely misses you.
The killer bee barely misses you.
You feel sick. The killer bee misses you. The killer bee completely misses you.
The killer bee misses you.
There is a stone staircase leading up here.
You feel sick. The killer bee closely misses you. The killer bee misses you.
The killer bee completely misses you. The killer bee closely misses you.
You climb upwards.
There is a stone staircase leading down here.
The killer bee closely misses you.
The killer bee stings you but does no damage.
The killer bee stings you!
You die...

#.#.#####.....#.##.#
#.............#....#
###.#####.....########
#.#...##.##......#..
#.#...##.#######.#.#
#.#...##.#### #.#.#
#.#...##....# #.#.#
#.#...##....####.#.#
#.#@y...............
#.#.y............).)
#.#...##....##.....#
#.#.####....##.....#
#.#.####.#####......
#.#......# #....##
#.##############....
#.#######.....######
#...................


You could see 2 killer bees.

Vanquished Creatures
  Menkaure (D:4)
  A sky beast (D:6)
  2 orc warriors (D:6)
  A phantom (D:4)
  An ogre (D:4)
  A necrophage (D:6)
  2 ice beasts
  2 giant frogs (D:6)
  2 giant frog skeletons
  2 hounds
  An orc priest (D:7)
  4 iguanas
  Jessica (D:3)
  2 worker ants (D:4)
  4 orc wizards
  A hound zombie (D:6)
  Robin (D:4)
  8 adders
  A shadow imp (D:6)
  An adder skeleton (D:6)
  4 worms
  11 giant geckos
  17 orcs
  4 bats
  6 giant cockroaches
  13 goblins
  11 hobgoblins
  15 jackals
  15 kobolds
  3 ball pythons
  13 giant newts
  4 quokkas
  13 rats
  4 plants (Sewer)
172 creatures vanquished.

Notes
Turn   | Place    | Note
--------------------------------------------------------------
     0 | D:1      | Nekumo the Felid Berserker began the quest for the Orb.
     0 | D:1      | Reached XP level 1. HP: 10/10 MP: 2/2
   186 | D:1      | Reached XP level 2. HP: 1/14 MP: 3/3
   822 | D:1      | Reached ** piety under Trog
   867 | D:1      | Reached XP level 3. HP: 14/17 MP: 4/4
  1883 | D:3      | Reached skill level 5 in Dodging
  1883 | D:3      | Reached XP level 4. HP: 15/22 MP: 5/5
  1936 | D:3      | Reached skill level 1 in Stealth
  2122 | D:3      | Reached *** piety under Trog
  2363 | D:3      | Reached XP level 5. HP: 19/25 MP: 6/6
  2364 | D:3      | Found a glowing drain.
  2394 | Sewer    | Entered a sewer
  3231 | D:3      | Noticed Jessica
  3261 | D:3      | Killed Jessica
  3261 | D:3      | Reached skill level 6 in Dodging
  3386 | D:3      | Reached **** piety under Trog
  3626 | D:4      | Gained mutation: You are covered in thick fur (AC +2). [Felid growth]
  3626 | D:4      | Reached XP level 6. HP: 7/28 MP: 5/7
  3748 | D:4      | Noticed Robin
  3761 | D:4      | Noticed Menkaure
  3765 | D:4      | Killed Robin
  3775 | D:4      | Reached skill level 7 in Dodging
  3792 | D:4      | Killed Menkaure
  3919 | D:4      | Reached XP level 7. HP: 16/32 MP: 8/8
  4082 | D:4      | Noticed an ogre
  4083 | D:4      | Noticed a phantom
  4093 | D:4      | Killed an ogre
  4093 | D:4      | Reached skill level 8 in Dodging
  4120 | D:5      | Entered Level 5 of the Dungeon
  4299 | D:4      | Killed a phantom
  4636 | D:5      | Reached skill level 5 in Unarmed Combat
  4757 | D:5      | Found Ineot's Armour Shoppe.
  4821 | D:5      | Found a shimmering altar of Xom.
  4882 | D:5      | Found a staircase to the Ecumenical Temple.
  4937 | D:5      | Reached skill level 5 in Fighting
  5216 | D:5      | Reached skill level 9 in Dodging
  5622 | D:6      | Reached XP level 8. HP: 35/37 MP: 9/9
  5967 | D:6      | Found a sparkling altar of Nemelex Xobeh.
  6336 | D:6      | Killed from afar by an orc wizard
  6337 | D:6      | Reached XP level 7. HP: -1/33 MP: 0/8
  6354 | D:6      | Reached skill level 10 in Dodging
  6388 | D:6      | Hit by a tomahawk thrown by an orc warrior
  6389 | D:6      | Reached XP level 6. HP: -2/30 MP: 0/7
  6480 | D:6      | Reached ***** piety under Trog
  6480 | D:6      | Reached skill level 5 in Stealth
  6508 | D:6      | Reached XP level 7. HP: 29/33 MP: 8/8
  7027 | D:6      | Slain by a killer bee

Action                   |  1- 3 |  4- 6 |  7- 9 || total
-------------------------+-------+-------+-------++-------
Melee: Unarmed           |   134 |   427 |   249 ||   810
Invok: Trog's Hand       |       |       |     1 ||     1
  Use: Potion            |     4 |     6 |     4 ||    14
       Scroll            |       |       |    12 ||    12
 Stab: Sleeping          |     3 |     3 |     4 ||    10
       Distracted        |       |     1 |       ||     1
  Eat: Meat ration       |     1 |       |     1 ||     2
       Beef jerky        |     1 |       |       ||     1
       Chunk             |       |     4 |     4 ||     8
